 Dungeon Crawl Stone Soup version 0.23.2-33-g5129a83184 (webtiles) character file.

Game seed: 14923627663450978959

152 Derp the Conjurer (level 5, 0/28 HPs)
             Began as a Deep Elf Conjurer on July 24, 2019.
             Slain by a worker ant (8 damage)
             ... on level 4 of the Dungeon.
             The game lasted 00:09:31 (2640 turns).

Derp the Conjurer (Deep Elf Conjurer)               Turns: 2640, Time: 00:09:32

Health: 0/28       AC:  2    Str:  5    XL:     5   Next: 11%
Magic:  4/13       EV: 13    Int: 21    God:
Gold:   112        SH:  0    Dex: 15    Spells: 7/12 levels left

rFire    . . .     SeeInvis .   k - +1 short sword (protect)
rCold    . . .     Gourm    .   (no shield)
rNeg     . . .     Faith    .   a - +0 robe
rPois    .         Spirit   .   (no helmet)
rElec    .         Reflect  .   (no cloak)
rCorr    .         Harm     .   (no gloves)
MR       .....                  (no boots)
Stlth    ++........             (no amulet)
HPRegen  0.09/turn              (no ring)
MPRegen  0.13/turn              (no ring)

@: no status effects
A: no striking features
a: no special abilities


You were on level 4 of the Dungeon.
You were not hungry.

You visited 1 branch of the dungeon, and saw 4 of its levels.

You collected 112 gold pieces.

Inventory:

Hand Weapons
 k - a +1 short sword of protection (weapon)
Armour
 a - a +0 robe (worn)
Scrolls
 b - 2 scrolls of enchant armour {unknown}
 d - 2 scrolls of identify {unknown}
 h - a scroll of fear {unknown}
 i - a scroll of enchant weapon {unknown}
 j - 3 scrolls of remove curse {unknown}
 l - 2 scrolls of teleportation {unknown}
 n - a scroll of blinking {unknown}
Potions
 e - a potion of lignification {unknown}
 f - 2 potions of heal wounds {unknown}
 g - a potion of invisibility {unknown}
 m - a potion of curing {unknown}
 o - a potion of ambrosia {unknown}
Comestibles
 c - 3 rations


   Skills:
 + Level 3.0 Dodging
 + Level 3.3 Stealth
 + Level 4.2 Spellcasting
 + Level 6.0 Conjurations


You had 7 spell levels left.
You knew the following spells:

 Your Spells              Type           Power        Failure   Level  Hunger
a - Magic Dart            Conj           ####         1%          1    None
b - Fulminant Prism       Conj/Hex       ###.......   32%         4    ####...

Your spell library contained the following spells:

 Spells                   Type           Power        Failure   Level  Hunger
 Searing Ray              Conj           ####..       1%          2    #......
 Dazzling Spray           Conj/Hex       ###...       10%         3    ###....
 Iskenderun's Mystic Bla  Conj           ####....     10%         4    ####...
 Force Lance              Conj/Tloc      ###.....     32%         4    ####...


Dungeon Overview and Level Annotations

Branches:
Dungeon (4/15)
 Temple: D:4-7

Altars:
Yredelemnul


Message History

The worker ant bites you. The iguana bites you.
* * * LOW HITPOINT WARNING * * *
Casting: Magic Dart (safe; 1% risk of failure)
Confirm with . or Enter, or press ? or * to list all spells.
Aiming: Magic Dart (safe; 1% risk of failure)
Press: ? - help, Shift-Dir - straight line, f/p - iguana
Aim: an iguana (severely wounded)
The magic dart hits the iguana.
You kill the iguana!
Your Conjurations skill increases to level 6!
You have reached level 5!
The worker ant completely misses you.
Casting: Magic Dart (safe; 1% risk of failure)
Confirm with . or Enter, or press ? or * to list all spells.
Aiming: Magic Dart (safe; 1% risk of failure)
Press: ? - help, Shift-Dir - straight line, f - worker ant
Aim: a worker ant The magic dart hits the worker ant but does no damage.
The worker ant closely misses you. The worker ant bites you!
You die...

+...............).#
#.....##..........#
#...(.##..........#
#.................#
#.................#
#.................#
#>................#
+.................#
########..@.......#
#...a......#
+..........#
#..........#
#...##..!..# #...#
.....# #.... .....#
#....# ....# #....#
....#


You could see a worker ant.

Vanquished Creatures
  A centaur skeleton (D:3)
  An iguana (D:4)
  A howler monkey skeleton (D:2)
  2 adders (D:2)
  An ooze (D:2)
  4 dart slugs
  3 leopard geckos
  2 orcs (D:3)
  A giant cockroach (D:2)
  8 goblins
  5 hobgoblins
  8 kobolds
  3 quokkas
  5 bats
  8 frilled lizards
  6 rats
59 creatures vanquished.

Notes
Turn   | Place    | Note
-------+----------+-------------------------------------------
     0 | D:1      | Derp the Deep Elf Conjurer began the quest for the Orb.
     0 | D:1      | Reached XP level 1. HP: 10/10 MP: 6/6
   222 | D:1      | Reached XP level 2. HP: 15/15 MP: 1/8
   563 | D:2      | Reached skill level 5 in Conjurations
   655 | D:2      | Reached XP level 3. HP: 19/19 MP: 5/9
  1340 | D:2      | Reached XP level 4. HP: 20/24 MP: 4/11
  1363 | D:2      | Learned a level 4 spell: Fulminant Prism
  1774 | D:3      | Found a basalt altar of Yredelemnul.
  2639 | D:4      | Reached skill level 6 in Conjurations
  2639 | D:4      | Reached XP level 5. HP: 8/28 MP: 5/13
  2640 | D:4      | Slain by a worker ant

Skill      XL: |  1  2  3  4 |
---------------+-------------+-----
Conjurations   | 5 6 |  6.0
Stealth        | 3 |  3.3
Dodging        | 3 |  3.0
Spellcasting   | 4 |  4.2

Action                   |  1- 3 |  4- 6 || total
-------------------------+-------+-------++-------
Melee: Short sword       |       |     7 ||     7
 Cast: Magic Dart        |    71 |    59 ||   130
 Stab: Sleeping          |       |     1 ||     1
  Eat: Ration            |       |     2 ||     2
Armor: Robe              |       |     2 ||     2
Dodge: Dodged            |     8 |    23 ||    31
